 Dungeon Crawl Stone Soup version 0.19-a0-1540-g35a11b8 (webtiles) character file.

52 PurpleRed the Conjurer (level 3, -4/19 HPs)
             Began as a Deep Elf Conjurer on Sept 14, 2016.
             Slain by a hobgoblin
             ... wielding a +0 club
              (7 damage)
             ... on level 2 of the Dungeon.
             The game lasted 00:02:57 (292 turns).

PurpleRed the Conjurer (Deep Elf Conjurer)           Turns: 292, Time: 00:02:57

Health: -4/19      AC:  4    Str:  5    XL:     3   Next: 60%
Magic:  0/10       EV: 18    Int: 20    God:
Gold:   10         SH:  0    Dex: 20    Spells: 2 memorised, 7 levels left

rFire  + . .     SeeInvis .     i - +0 club
rCold  . . .     Gourm    .     h - +2 robe {rF+}
rNeg   . . .     Faith    .     (no shield)
rPois  .         Spirit   .     (helmet restricted)
rElec  .         Dismiss  .     (no cloak)
rCorr  .         Reflect  .     (no gloves)
MR     .....     Harm     .     (no boots)
Stlth  +++....... Rnd*Rage +    (no amulet) Rnd*Tele +
                                (no ring)
                                f - ring of teleportation (curse)

@: agile
A: beak, talons 1, berserk 1
a: no special abilities


You were on level 2 of the Dungeon.
You were not hungry.

You visited 1 branch of the dungeon, and saw 2 of its levels.

You collected 10 gold pieces.

Inventory:

Hand Weapons
 i - a +0 club (weapon)
Armour
 a - a +0 robe
 h - a +2 robe of fire resistance (worn)
Jewellery
 f - a cursed ring of teleportation (left hand)
Books
 b - a book of Conjurations

   Spells                             Type                      Level
   a - Magic Dart                     Conjuration                  1
   b - Searing Ray                    Conjuration                  2
   c - Dazzling Spray                 Conjuration/Hexes            3
   d - Fulminant Prism                Conjuration/Hexes            4
   e - Iskenderun's Mystic Blast      Conjuration                  4
   f - Iskenderun's Battlesphere      Conjuration/Charms           5
Comestibles
 c - 2 bread rations
 g - a beef jerky


   Skills:
 - Level 2.4 Dodging
 - Level 2.4 Stealth
 + Level 4.1 Spellcasting
 * Level 5.3 Conjurations


You had 7 spell levels left.
You knew the following spells:

 Your Spells              Type           Power        Failure   Level  Hunger
a - Magic Dart            Conj           ####         1%          1    None
b - Searing Ray           Conj           ####..       2%          2    #......


Dungeon Overview and Level Annotations

Branches:
Dungeon (2/15)

Altars:

Annotations:
D:2 Robin


Innate Abilities, Weirdness & Mutations

You have a beak for a mouth.
You have sharp toenails.
You tend to lose your temper in combat.


Message History

The adder closely misses you. The hobgoblin hits you with a club.
* * * LOW HITPOINT WARNING * * *
The adder closely misses you.
You miss the adder.
The adder is severely wounded.
The hobgoblin shouts!
The adder barely misses you. The hobgoblin misses you.
The adder barely misses you.
You hit the adder. Your kick misses the adder.
The adder is severely wounded.
The adder closely misses you. The hobgoblin misses you.
Casting: Magic Dart
Confirm with . or Enter, or press ? or * to list all spells.
Aiming: Magic Dart
Press: ? - help, Shift-Dir - straight line, f/p - adder
Aim: an adder (severely wounded)
The magic dart hits the adder.
The adder is almost dead.
The adder misses you. The hobgoblin hits you with a club!
You die...

...............#
#.#.#..........#........
.........S.....#........
...............#........
........########........
..........## #........
.####....g.# #........
##.....# #........
#.[...# #@.......
#.....#####Sg..g...
#.........[.#.#####
#................#
####.########..... #.#
###.## #. .# #. # #.


You could see an adder and 2 hobgoblins.

Vanquished Creatures
  Jessica (D:2)
  An adder (D:2)
  A giant gecko (D:1)
  A bat (D:2)
  3 goblins
  5 hobgoblins (D:1)
  A giant newt (D:1)
  A kobold (D:1)
  2 rats (D:2)
16 creatures vanquished.

Notes
Turn   | Place    | Note
-------+----------+-------------------------------------------
     0 | D:1      | PurpleRed the Deep Elf Conjurer began the quest for the Orb.
     0 | D:1      | Reached XP level 1. HP: 10/10 MP: 6/6
   131 | D:1      | Reached XP level 2. HP: 14/15 MP: 2/8
   146 | D:1      | Learned a level 2 spell: Searing Ray
   167 | D:1      | You fall through a shaft!
   181 | D:2      | Noticed Jessica
   213 | D:2      | Killed Jessica
   213 | D:2      | Reached skill level 5 in Conjurations
   213 | D:2      | Reached XP level 3. HP: 19/19 MP: 3/10
   246 | D:2      | Noticed Robin
   281 | D:2      | Gained mutation: You have sharp toenails. [potion of mutation]
   281 | D:2      | Gained mutation: You tend to lose your temper in combat. [potion of mutation]
   281 | D:2      | Gained mutation: You have a beak for a mouth. [potion of mutation]
   292 | D:2      | Slain by a hobgoblin

Vault maps used:
D:1:      lemuel_arrival_tunnels
D:2:      serial_glass, glass_columns_a, glass_columns_c, uniq_robin,
          uniq_jessica

Skill      XL: |  1  2 |
---------------+-------+-----
Spellcasting   | 4 |  4.1
Conjurations   | 5 |  5.3
Dodging        | |  2.4
Stealth        | |  2.4

Action                   || total
-------------------------++-------
Melee: Unarmed           ||     2
       Club              ||     7
       Kick              ||     1
 Cast: Magic Dart        ||    28
       Searing Ray       ||     1
  Use: Potion            ||     2
Armor: Robe              ||     6
Dodge: Dodged            ||    30
